cohdb
Replays
Latest Replays
All Replays
Popular Replays
Top Player Replays
Match Explorer
How It Works
Community
CoH3 Stats
Reddit
Sign in to upload your games and track your stats! →
Sign in with Steam
Match 38193866
Unlisted
Match 38193866
Overview
Messages
Build Orders
End
Construct Barracks
Selects Armored Battlegroup
Selects Veteran Crews
Riflemen Squad
1⁄4-ton 4x4 Truck
Riflemen Squad
Grenade Package
Riflemen Squad
Construct Medical Station
Riflemen Squad
Mechanized Support Center
M1918 Browning Automatic Rifles
Engineer Squad
Construct Weapon Support Center
M3 Armored Personnel Carrier
Selects Fast Deploy
Bazooka Squad
Construct Motor Pool
M1 Anti-tank Gun Team
M1 Anti-tank Gun Team
Construct Tank Depot
Selects M31 Recovery Vehicle
Selects War Machine
M18 Hellcat Tank Destroyer
Salvage Crew
Selects Seek and Destroy
Selects UNKNOWN (2160077)
Designate Forward Repair Station
M4A3E8 Sherman Easy Eight
M3 Armored Personnel Carrier
M3 Armored Personnel Carrier
M1919 Machine Gun Team
M4A3E8 Sherman Easy Eight
Rapid Repairs
Bruistablet
Grunka Lunka
Jarekk
Krzemyk
0
0
Comments
sign in to comment!
No comments posted yet!